 Dungeon Crawl Stone Soup version 0.31.0-12-g77e489cdc1 (webtiles) character file.

Game seed: 4354096013638231566

46 Gadfly the Shield-Bearer (level 3, -1/23 HPs)
             Began as a Gargoyle Fighter on Mar 7, 2024.
             Slain by Terence
             ... wielding a +1 heavy flail
              (12 damage)
             ... on level 2 of the Dungeon.
             The game lasted 00:01:17 (707 turns).

Gadfly the Shield-Bearer (Gargoyle Fighter)          Turns: 707, Time: 00:01:18

Health: -1/23      AC: 10    Str: 19    XL:     3   Next: 68%
Magic:  3/4        EV:  9    Int:  8    God:
Gold:   40         SH:  4    Dex: 11    Spells: 2/2 levels left

rFire   . . .        a - +1 flail
rCold   . . .        c - +0 buckler
rNeg    + . .        b - +0 scale mail
rPois   ∞            (no helmet)
rElec   +            (no cloak)
rCorr   .            (no gloves)
SInv    .            (no boots)
Will    .....        (no amulet) Stlth
                     (no ring)
HPRegen 0.23/turn    (no ring)
MPRegen 0.09/turn

%: no passive effects
@: no status effects
A: sickness immunity, AC +3, negative energy resistance 1, electricity
resistance, torment resistance 1, petrification resistance
a: no special abilities


You were on level 2 of the Dungeon.
You visited 1 branch of the dungeon, and saw 2 of its levels.

You collected 40 gold pieces.

Inventory:

Hand Weapons
 a - a +1 flail (weapon)
Armour
 b - a +0 scale mail (worn)
 c - a +0 buckler (worn)
Scrolls
 e - a scroll of revelation {unknown}
 f - a scroll of identify {unknown}
Potions
 d - a potion of might
 h - a potion of berserk rage
 i - a potion of brilliance {unknown}
 j - a potion of resistance {unknown}


   Skills:
 + Level 3.4 Fighting
 * Level 2.6 Maces & Flails
 + Level 3.5 Armour
 + Level 3.5 Shields
 * Level 1.3 Invocations
 * Level 0.9 Evocations


You had 2 spell levels left.
You didn't know any spells.
Your spell library was empty.

Dungeon Overview and Level Annotations

Branches:
Dungeon (2/15)

Altars:

Annotations:
D:2 Terence


Innate Abilities, Weirdness & Mutations

You are immune to sickness and miasma.
Your stone body is resilient. (AC +3)
You are immune to poison.
You resist negative energy. (rN+)
You are resistant to electric shocks. (rElec)
You are resistant to unholy torment.
You are immune to petrification.


Message History

No target in view!
No target in view!
No target in view!
No target in view!
HP restored.
You see here a hobgoblin corpse.
Found a flux talisman.
There is an open door here.
An adder and a goblin come into view.
Found a notched silver ring.
The goblin shouts!
The goblin completely misses you.
You completely miss the goblin.
An endoplasm comes into view.
The goblin barely misses you.
You closely miss the goblin.
The endoplasm quivers.
The goblin barely misses you. The adder bites you but does no damage.
The goblin hits you but does no damage.
Terence the Incautious comes into view.
He is wielding a +1 heavy flail and carrying a wand of polymorph.
You miss the adder. You block the adder's attack.
The goblin hits you with a +0 club. The adder closely misses you.
You sock the adder!
You kill the adder!
The goblin hits you with a +0 club.
You hit the goblin.
The goblin is moderately wounded.
You block the goblin's attack. Terence hits you with a +1 heavy flail.
The goblin hits you but does no damage.
You sock the goblin!
You kill the goblin!
The endoplasm barely misses you.
Terence zaps a wand.
You resist with significant effort.
You hit Terence.
Terence is moderately wounded.
The endoplasm freezes you.
You are frozen.
Terence hits you with a +1 heavy flail!
Ouch! That really hurt!
You die...
Terence says, "That felt goooood."

###...#
##.......#
#...##
##.....##
##...# ##....#
#...## ##..##
#...+ ##.+
##.## #########
###
#.#####........
#..............
#######@J......
#)@......
#........
#........
.........
#.=......
#........
#........


You could see Terence and an endoplasm.

Vanquished Creatures
  An adder (D:2)
  2 dart slugs (D:1)
  5 bats
  3 endoplasms
  A giant cockroach (D:2)
  4 goblins
  3 hobgoblins
  4 quokkas (D:1)
  A ball python (D:1)
  3 frilled lizards (D:1)
  3 kobolds (D:1)
  2 rats
32 creatures vanquished.

Notes
Turn   | Place    | Note
-------+----------+-------------------------------------------
     0 | D:1      | Gadfly the Gargoyle Fighter began the quest for the Orb.
     0 | D:1      | Reached XP level 1. HP: 14/14 MP: 1/1
    80 | D:1      | Reached XP level 2. HP: 19/19 MP: 2/2
    97 | D:1      | Reached skill level 1 in Invocations
   299 | D:1      | Reached XP level 3. HP: 22/23 MP: 3/3
   702 | D:2      | Noticed Terence
   707 | D:2      | Slain by Terence

Illustrated notes

Levels and vault maps discovered:
D:1:      heliophobic_arrival_ceremonial_halls, layout_rooms
D:2:      minmay_razor_zed, layout_rooms, shapermc_ecumenical_altar_ellora,
          uniq_crazy_yiuf_cottage, uniq_terence

Skill      XL: |  1  2 |
---------------+-------+-----
Invocations    | 1 |  1.3
Fighting       | |  3.4
Maces & Flails | |  2.6
Armour         | |  3.5
Shields        | |  3.5
Evocations     | |  0.9

Action                     || total
---------------------------++-------
  Melee: Flail             ||   104
    Use: Scroll            ||     3
         Potion            ||     1
 Armour: Scale mail        ||    78
  Dodge: Dodged            ||    65
  Block: Buckler           ||    30
